Map: Port Aleksander LE

Players

Probe

  • Race: Protoss Protoss
  • Spawn Location: 11:00

MaSa - Winner!

  • Race: Terran Terran
  • League: Grandmaster
  • Spawn Location: 5:00

Event: 2019 WCS Winter Americas

VOD

Have the link to the VOD?

Description

Time

  • Played on: Feb. 15, 2019, 2:53 p.m.
  • Length: 10:26

All games in this series

Show
View Real Time Build Order
Export as new Build Order

Probe Protoss 

Build Orders: 1 Gate Expand, Oracle Opening 

Get SALT Encoding   

  12  0:01  Probe  
  13  0:13  Probe  
  14  0:19  Pylon  
  14  0:25  Probe  
  15  0:33  Probe  
  15  0:38  Gateway  
  15  0:41  Probe  
  16  0:47  Assimilator  
  17  0:52  Probe  
  18  1:04  Probe  
  19  1:16  Probe  
  20  1:25  Nexus  
  20  1:35  Cybernetics Core  
  20  1:37  Probe  
  21  1:44  Assimilator  
  21  1:49  Probe  
  21  1:52  Pylon  
  22  2:01  Probe  
  22  2:02  Adept  
  23  2:09  Probe  
  26  2:17  Probe  
  27  2:24  Stargate  
  27  2:27  Probe  
  28  2:32  Warp Gate  
  28  2:35  Probe  
  28  2:40  Probe  
  28  2:43  Probe  
  30  2:48  Stalker  
  32  2:52  Probe  
  32  2:53  Probe  
  34  2:59  Oracle  
  34  3:04  Probe  
  36  3:05  Probe  
  39  3:16  Probe  
  39  3:17  Probe  
  41  3:23  Gateway x2  
  41  3:28  Probe  
  41  3:29  Probe  
  41  3:31  Pylon  
  43  3:36  Twilight Council  
  43  3:40  Probe  
  44  3:42  Probe  
  44  3:45  Pylon  
  45  3:52  Probe  
  45  3:54  Probe  
  47  4:00  Blink  
  47  4:04  Probe  
  47  4:06  Probe  
  47  4:08  Nexus  
  50  4:20  Assimilator  
  50  4:23  Stalker x3  
  55  4:25  Probe  
  55  4:27  Probe  
  55  4:31  Shield Battery  
  57  4:35  Pylon  
  57  4:38  Probe  
  58  4:39  Probe  
  59  4:46  Stalker  
  59  4:49  Pylon  
  61  4:53  Probe x2  
  61  4:55  Stalker x2  
  67  5:04  Oracle  
  67  5:05  Probe  
  67  5:06  Probe  
  68  5:10  Shield Battery  
  65  5:18  Probe x2  
  68  5:22  Probe  
  69  5:29  Stalker  
  69  5:30  Probe  
  69  5:32  Probe  
  69  5:35  Shield Battery  
  71  5:39  Probe  
  71  5:42  Probe  
  72  5:44  Probe  
  72  5:49  Stalker  
  75  5:50  Probe x2  
  75  5:52  Probe  
  78  5:58  Probe  
  78  6:00  Probe  
  78  6:01  Probe  
  78  6:02  Stalker  
  80  6:08  Probe  
  80  6:10  Probe  
  82  6:12  Charge, Probe  
  84  6:20  Probe  
  84  6:23  Probe  
  84  6:24  Probe  
  87  6:32  Probe  
  82  6:35  Stalker, Probe  
  82  6:36  Stalker x2, Probe  
  90  6:44  Probe  
  89  6:47  Probe  
  89  6:48  Probe  
  87  6:54  Gateway  
  87  6:56  Probe  
  87  6:57  Gateway  
  87  6:59  Probe, Gateway  
  87  7:00  Probe  
  79  7:02  Stalker x2  
  79  7:08  Probe  
  80  7:11  Probe  
  80  7:12  Probe  
  82  7:20  Stalker, Probe  
  82  7:22  Phoenix  
  81  7:23  Probe  
  81  7:24  Probe  
  81  7:28  Stalker  
  85  7:32  Probe  
  85  7:35  Probe  
  85  7:37  Probe  
  88  7:38  Forge  
  88  7:44  Probe  
  88  7:47  Probe  
  88  7:49  Probe  
  91  7:51  Gateway  
  91  7:52  Sentry  
  91  7:54  Gateway  
  93  7:59  Pylon  
  93  8:02  Pylon x2  
  93  8:03  Gateway  
  93  8:14  Probe x2  
  93  8:19  Pylon  
  91  8:20  Pylon  
  75  8:27  Stalker x5  
  75  8:28  Protoss Ground Armor Level 1, Probe x2  
  75  8:30  Probe  
  77  8:40  Probe x2  
  77  8:42  Probe  
  77  8:46  Pylon  
  78  8:51  Forge  
  78  8:52  Probe x2  
  78  8:54  Probe  
  76  9:04  Probe x2  
  76  9:06  Probe  
  78  9:10  Zealot x3  
  78  9:11  Zealot x2  
  78  9:16  Probe x2  
  68  9:18  Probe  
  60  9:28  Stalker, Probe x2  
  60  9:30  Probe  
  55  9:40  Probe x2  
  55  9:42  Probe  
  58  9:46  Stalker  
  58  9:51  Probe x2  
  62  9:53  Probe  
  62  9:54  Sentry x3  
  62  9:58  Sentry  
  62  9:59  Probe  
  71  10:00  Probe  
  71  10:01  Probe  
  74  10:07  Probe  
  74  10:08  Probe  
  74  10:09  Probe  
  74  10:12  Zealot  
  74  10:13  Zealot x2  
Show
View Real Time Build Order
Export as new Build Order

MaSa Terran - Winner!

Build Orders: Gas First Reaper Expand, Banshee Rush 

Get SALT Encoding   

  12  0:00  SCV  
  13  0:12  SCV  
  14  0:17  Supply Depot  
  14  0:24  SCV  
  15  0:28  Refinery  
  15  0:39  SCV  
  16  0:45  Barracks  
  16  0:51  SCV  
  17  1:03  SCV  
  18  1:15  SCV  
  19  1:32  Reaper, Orbital Command  
  20  1:46  Command Center  
  20  1:59  Factory  
  21  2:01  SCV  
  21  2:06  Barracks Reactor  
  21  2:11  Refinery  
  21  2:13  SCV  
  22  2:23  Supply Depot  
  22  2:28  SCV  
  23  2:45  SCV, Starport, Factory Tech Lab  
  23  2:46  Marine x2  
  26  2:57  SCV  
  27  2:59  Orbital Command  
  27  3:04  Marine x2  
  29  3:09  SCV  
  30  3:17  Cyclone  
  33  3:21  SCV  
  33  3:22  Starport Tech Lab  
  33  3:25  SCV  
  35  3:27  Marine  
  35  3:29  Marine  
  37  3:34  SCV  
  37  3:39  Cloaking Field  
  38  3:42  SCV  
  38  3:43  Banshee  
  42  3:49  SCV  
  42  3:51  Marine  
  42  3:52  Supply Depot  
  42  3:54  Marine  
  45  3:55  SCV  
  46  4:07  Bunker  
  46  4:14  SCV, Widow Mine  
  46  4:16  SCV  
  51  4:20  Supply Depot  
  50  4:26  SCV, Banshee  
  50  4:30  Command Center  
  54  4:41  Supply Depot  
  54  4:47  Factory Tech Lab  
  54  4:48  SCV, Barracks  
  54  4:50  Barracks  
  54  4:51  SCV  
  56  5:00  SCV  
  56  5:03  SCV, Stimpack  
  56  5:04  Engineering Bay  
  58  5:09  Banshee  
  58  5:12  SCV  
  62  5:15  SCV  
  63  5:24  Marine  
  63  5:25  SCV  
  63  5:27  SCV  
  66  5:28  Starport  
  66  5:32  Factory Reactor  
  66  5:35  Terran Infantry Weapons Level 1  
  66  5:37  SCV, Refinery  
  66  5:39  SCV, Supply Depot  
  66  5:40  Refinery  
  68  5:47  Orbital Command  
  68  5:49  SCV  
  69  5:50  Barracks  
  69  5:51  SCV  
  69  5:54  Barracks  
  70  5:58  Banshee  
  70  6:01  SCV  
  70  6:03  SCV  
  75  6:06  Marine x2  
  75  6:07  Marine  
  78  6:13  SCV  
  78  6:14  SCV  
  78  6:15  SCV, Factory Reactor  
  78  6:17  Medivac  
  83  6:21  Marine  
  83  6:24  Marine x2  
  83  6:25  SCV  
  85  6:26  SCV  
  85  6:28  SCV  
  85  6:30  Marine  
  84  6:37  SCV  
  84  6:38  SCV  
  84  6:39  Marauder, Barracks Reactor  
  84  6:40  SCV  
  84  6:43  Banshee  
  85  6:49  SCV  
  85  6:50  SCV  
  85  6:52  SCV, Marine  
  85  6:53  Barracks Tech Lab  
  85  7:01  SCV  
  85  7:03  SCV  
  85  7:04  SCV, Medivac x2  
  85  7:07  Widow Mine  
  91  7:09  Marine  
  91  7:10  Marauder  
  91  7:13  SCV  
  91  7:15  SCV  
  93  7:16  Supply Depot  
  93  7:26  Orbital Command  
  93  7:34  Combat Shield  
  93  7:35  Concussive Shells, Supply Depot  
  93  7:36  Supply Depot  
  93  7:37  SCV x2, Widow Mine x2, Marine x2  
  101  7:53  Supply Depot  
  101  7:57  SCV x2, Medivac, Marauder x2, Marine x3  
  112  7:59  Widow Mine x2, Supply Depot x2  
  112  8:01  SCV  
  112  8:03  Terran Infantry Armor Level 1  
  117  8:13  Marine x2  
  117  8:14  SCV x3, Marine  
  117  8:15  Marauder  
  122  8:22  Marine  
  122  8:23  Marauder x2  
  122  8:26  SCV x2  
  121  8:28  Medivac, Supply Depot  
  121  8:31  Marine  
  113  8:36  Marine x2  
  113  8:37  Widow Mine x2  
  110  8:43  Marine  
  110  8:44  SCV x2, Marauder x2  
  115  8:52  Marine  
  115  8:53  Marauder  
  115  8:54  SCV  
  119  8:56  SCV  
  119  8:57  SCV  
  121  9:02  Command Center  
  121  9:03  Marine x2  
  121  9:05  Widow Mine x2, Marine  
  121  9:06  Marauder, SCV  
  125  9:14  Marine  
  125  9:15  Marauder x2  
  125  9:16  SCV  
  127  9:21  Marine  
  127  9:22  Marine  
  129  9:26  Armory, Refinery, Widow Mine x2  
  129  9:27  Marauder, Engineering Bay, Refinery  
  129  9:28  Missile Turret  
  129  9:31  Marine  
  131  9:32  SCV  
  131  9:36  Marauder  
  131  9:37  SCV  
  130  9:42  Marauder, Marine  
  132  9:47  Barracks  
  132  9:48  Medivac, Barracks x2  
  132  9:51  Medivac  
  132  9:52  Marine x2  
  134  9:54  SCV x3  
  134  9:59  Supply Depot  
  137  10:00  Supply Depot  
  142  10:21  Refinery  
Tags
 
Add a new tag
Caveats
  • Supply blocks, unpowered buildings, or Contaminate may cause inaccurate times.
  • Supply counts are checked every 10 seconds.